 Dungeon Crawl Stone Soup version 0.32-a0-411-g744942f433 (webtiles) character file.

Game seed: 11585043133885961212

22 Bravepunisher the Ducker (level 2, -2/16 HPs)
             Began as a Spriggan Monk on Feb 21, 2024.
             Succumbed to a scorpion's poison
             ... on level 6 of the Dungeon.
             The game lasted 00:04:05 (1024 turns).

Bravepunisher the Ducker (Spriggan Monk)            Turns: 1024, Time: 00:04:05

Health: -2/16      AC:  2    Str:  7    XL:     2   Next: 68%
Magic:  3/3        EV: 19    Int: 11    God:
Gold:   45         SH:  0    Dex: 17    Spells: 1/1 levels left

rFire   . . .        a - +0 short sword
rCold   . . .        (no shield)
rNeg    . . .        b - +0 robe
rPois   .            (helmet restricted)
rElec   .            (no cloak)
rCorr   .            (gloves unavailable)
SInv    +            (boots unavailable)
Will    .....        (no amulet)
Stlth   ++           (no ring)
HPRegen 0.22/turn    (no ring)
MPRegen 0.08/turn

%: no passive effects
@: lethally poisoned (-2 -> -15), very quick
A: very small, no large weapons, unfitting armour, see invisible, speed 3
a: no special abilities


You were on level 6 of the Dungeon.
You visited 1 branch of the dungeon, and saw 7 of its levels.

You collected 45 gold pieces.

Inventory:

Hand Weapons
 a - a +0 short sword (weapon)
Armour
 b - a +0 robe (worn)
Wands
 h - a wand of charming (13)
Scrolls
 d - 2 scrolls of identify {unknown}
 e - a scroll of silence {unknown}
 f - a scroll of enchant weapon {unknown}
Potions
 c - a potion of ambrosia
 g - 2 potions of resistance {unknown}


   Skills:
 + Level 2.7 Fighting
 - Level 3.2 Short Blades
 * Level 5.0 Dodging


You had one spell level left.
You didn't know any spells.
Your spell library was empty.

Dungeon Overview and Level Annotations

Branches:
Dungeon (7/15)
 Temple: D:4-7

Altars:
Dithmenos
Sif Muna

Shops:
D:7 =

Portals:
Ossuary: D:6

Annotations:
D:5 Sigmund
D:6 Dowan, Duvessa, Prince Ribbit


Innate Abilities, Weirdness & Mutations

You are very small and have problems with some larger weapons.
You are too small for most types of armour.
You have supernaturally acute eyesight. (SInv)
You cover ground extremely quickly. (Speed+++)


Message History

The scorpion stings you.
You are poisoned.
The scorpion poisons you!
You feel sick.
You feel sick.
You feel sick.
You feel sick.
You feel sick.
You feel sick.
You feel sick.
You feel sick.
You feel sick.
You feel sick.
You are no longer poisoned.
The scorpion stings you.
* * * LOW HITPOINT WARNING * * *
Found 6 poisoned darts.
The kobold brigand shouts!
The kobold brigand throws a poisoned dart.
The poisoned dart completely misses you.
The kobold shouts!
You hear a shout! x2
You see here 6 poisoned darts.
The kobold shouts!
The phantom closely misses you.
You barely miss the phantom. The phantom misses you.
You hit the phantom.
The phantom is lightly damaged.
The phantom misses you.
You hit the phantom.
The phantom is lightly damaged.
The phantom misses you.
You hit the phantom.
The phantom is moderately damaged.
The scorpion stings you.
* * * LOW HITPOINT WARNING * * *
You are lethally poisoned!
The scorpion poisons you!
You hit the phantom but do no damage.
The phantom is moderately damaged.
You die...

#.#.##5##.##..
###.#.F..##s..##
#....s...#......
###.###.##.#....5.
#.5.# #.##.#......
#F### #....#......
#s# ######......
#s# #.....( #@#
### #......
#W######.# ######.
#KK.K..#<# #.
#K.K.#.#.# #.
##.#.#.#W# ##
#.......#
###...### #####


You could see Prince Ribbit, a kobold brigand, a phantom, 2 scorpions, an
ufetubus and 3 kobolds.

Vanquished Creatures
  2 adders (D:5)
  An endoplasm (D:1)
3 creatures vanquished.

Notes
Turn   | Place    | Note
-------+----------+-------------------------------------------
     0 | D:1      | Bravepunisher the Spriggan Monk began the quest for the
                  | Orb.
     0 | D:1      | Reached XP level 1. HP: 11/11 MP: 2/2
   407 | D:4      | Noticed a hound
   418 | D:5      | Entered Level 5 of the Dungeon
   425 | D:5      | Reached XP level 2. HP: 16/16 MP: 3/3
   426 | D:5      | Noticed a phantom
   433 | D:6      | Noticed a kobold brigand
   467 | D:5      | Noticed Sigmund
   620 | D:5      | Reached skill level 5 in Dodging
   697 | D:6      | Noticed Duvessa
   697 | D:6      | Noticed Dowan
   697 | D:6      | Noticed a water moccasin
   707 | D:6      | Found a shadowy altar of Dithmenos.
   708 | D:6      | Noticed a bombardier beetle
   713 | D:6      | Noticed a black bear
   714 | D:6      | Noticed a water moccasin
   727 | D:6      | Noticed a scorpion
   728 | D:6      | Noticed Prince Ribbit
   731 | D:6      | Noticed an ogre
   732 | D:6      | Found a sand-covered staircase.
   733 | D:6      | Noticed a scorpion
   741 | D:6      | Found a shimmering blue altar of Sif Muna.
   792 | D:7      | Found Egoigij's Jewellery Shoppe.
   896 | D:6      | Noticed a scorpion
   896 | D:6      | Noticed an ogre
  1024 | D:6      | Succumbed to a scorpion's poison

Illustrated notes

Levels and vault maps discovered:
D:1:      sevenhm_arrival_forest_fort_large_2, layout_basic
D:2:      minmay_evil_eye, layout_basic
D:3:      minmay_roachtagon, layout_basic, tgw_fedhas, elyvilon_altar_1
D:4:      layout_loops_ring, minmay_quantized
D:5:      layout_rooms, uniq_blork_the_orc, uniq_sigmund
D:6:      layout_basic, lemuel_round_altar, mainiacjoe_overflow_surrounded_room,
          nicolae_ossuary_entry_monument, kennysheep_cluttered_room,
          chequers_serial_rivers_micro_c, uniq_eustachio, uniq_prince_ribbit1,
          uniq_duvessa
D:7:      layout_gridville, kennysheep_mini_moat,
          lemuel_zombie_altar_yredelemnul, minmay_temple_entry_sparse_star,
          serial_shops, nicolae_book_shop_shelving, shop, shop, shop, shop

Skill      XL: |  1  2 |
---------------+-------+-----
Dodging        | 5 |  5.0
Fighting       | |  2.7
Short Blades   | |  3.2

Action                     || total
---------------------------++-------
  Melee: Short sword       ||    36
   Stab: Sleeping          ||     1
 Armour: Robe              ||    12
  Dodge: Dodged            ||    63

Table legend: (Time is in decaauts)
 A = Elapsed time spent in this place.
 B = Non-inter-level travel time spent in this place.
 C = Inter-level travel time spent in this place.
 D = Time resting spent in this place.
 E = Time spent auto-exploring this place.
 F = Levels seen in this place.
 G = Mean time per level.
                   A        B        C        D        E       F      G
               +--------+--------+--------+--------+--------+-----+--------+
         Total |    665 |    665 |      0 |      0 |    320 |   7 |   95.0 |
       Dungeon |    665 |    665 |      0 |      0 |    320 |   7 |   95.0 |
               +--------+--------+--------+--------+--------+-----+--------+

Top non-repeatable levels by time:
     D:1: 144 daAuts
     D:5: 141 daAuts
     D:6: 133 daAuts
     D:7: 77 daAuts
     D:2: 63 daAuts
     D:4: 60 daAuts
     D:3: 45 daAuts
